 Dungeon Crawl Stone Soup version 0.21-a0-265-gb353147 (webtiles) character file.

945 novoplayer the Covert (level 7, -6/52 HPs)
             Began as a Vampire Assassin on Sept 7, 2017.
             Was an Initiate of Dithmenos.
             Mangled by a centaur (9 damage)
             ... on level 6 of the Dungeon on Sept 12, 2017.
             The game lasted 00:32:48 (5330 turns).

novoplayer the Covert (Vampire Assassin)            Turns: 5330, Time: 00:32:48

Health: -6/52      AC:  7    Str: 10    XL:     7   Next: 89%
Magic:  7/7        EV: 13    Int: 13    God:    Dithmenos [......]
Gold:   155        SH:  0    Dex: 18    Spells: 6/6 levels left

rFire    . . .     SeeInvis +   a - +4 dagger
rCold    . . .     Gourm    .   (no shield)
rNeg     + . .     Faith    +   m - +0 leather armour
rPois    +         Spirit   .   i - +1 helmet
rElec    .         Reflect  .   d - +0 cloak
rCorr    +         Harm     .   (no gloves)
MR       .....                  z - +0 pair of boots
Stlth    +++++.....             s - amulet of faith (curse)
HPRegen  0.17/turn              C - ring of poison resistance
MPRegen  0.10/turn              t - ring of resist corrosion

@: no status effects
A: fangs 3, see invisible, unbreathing
a: Bat Form, Renounce Religion


You were on level 6 of the Dungeon.
You worshipped Dithmenos.
Dithmenos was noncommittal.
You were not thirsty.

You visited 1 branch of the dungeon, and saw 6 of its levels.

You collected 155 gold pieces.

Inventory:

Hand Weapons
 a - a +4 dagger (weapon)
 b - a +0 blowgun
Missiles
 e - 31 poisoned needles
 f - 2 curare-tipped needles
Armour
 c - a +0 robe
 d - a +0 cloak (worn)
 i - a +1 helmet (worn)
 m - a +0 leather armour (worn)
 z - a +0 pair of boots (worn)
Jewellery
 s - a cursed amulet of faith (around neck)
 t - a ring of resist corrosion (right hand)
 w - an uncursed amulet of rage
 C - a ring of poison resistance (left hand)
Wands
 o - a wand of random effects (24/48)
 v - a wand of acid (7/15)
 y - a wand of paralysis (14/24)
 A - a wand of digging (8/24)
Scrolls
 k - 2 scrolls of teleportation
 n - 2 scrolls of recharging
 u - 3 scrolls of magic mapping
 x - 4 scrolls of remove curse
Potions
 g - a potion of blood
 h - a potion of mutation {unknown}
 j - 2 potions of heal wounds
 l - 2 potions of flight
 p - a potion of agility {unknown}
 q - a potion of lignification {unknown}
 B - a potion of cancellation {unknown}


   Skills:
 + Level 3.1 Fighting
 + Level 5.7 Short Blades
 + Level 1.8 Throwing
 + Level 2.9 Dodging
 * Level 11.2 Stealth


You had 6 spell levels left.
You didn't know any spells.

Dungeon Overview and Level Annotations

Branches:
Dungeon (6/15)             Temple (0/1) D:5

Altars:
Dithmenos
Elyvilon
Ru
Sif Muna
Wu Jian
Zin

Shops:
D:5 }


Innate Abilities, Weirdness & Mutations

You have razor-sharp teeth.
You have supernaturally acute eyesight. (SInv)
You can survive without breathing.


Message History

The centaur is lightly wounded.
The centaur hits you. x2
You hit the centaur.
The centaur is lightly wounded.
The phantom hits you. The centaur barely misses you.
You closely miss the centaur.
The centaur is lightly wounded.
The phantom hits you.
* * * LOW HITPOINT WARNING * * *
The centaur hits you.
* * * LOW HITPOINT WARNING * * *
You hit the centaur.
The centaur is heavily wounded.
The centaur hits you.
* * * LOW HITPOINT WARNING * * *
The phantom closely misses you.
You hit the centaur but do no damage. You bite the centaur.
The centaur is heavily wounded.
The centaur hits you!
You die...

#.#...##### #...
#.#.......## ###...
#.#...###..###### #.....
#.#..#####......###.####
#>...#.....####...#.#
#.#..#.###.# #.#...####
#....#.###.## #...%.....
######(##...###.##..####
#.....W@c(_.............
#.###.###...##.#.#......
... ##.## #.#...... #.#.
#.# #.##'#### #.#. #..
#.##.## # #.
..#####.....# ##
#.#.........##
.............#
.#)..#...#.##


You could see a phantom and a centaur.

Vanquished Creatures
  An ice beast (D:5)
  2 ogres
  2 centaurs
  A killer bee (D:6)
  A howler monkey (D:5)
  2 hounds
  Ijyb (D:3)
  An iguana (D:4)
  6 worker ants
  A hound skeleton (D:5)
  7 adders
  A shadow imp (D:3)
  2 oozes
  6 worms
  A dart slug (D:4)
  3 leopard geckos
  9 orcs
  8 giant cockroaches
  8 goblins
  2 hobgoblins
  5 jackals (D:5)
  7 kobolds
  3 quokkas
  A ball python (D:3)
  4 bats (D:3)
  A frilled lizard (D:3)
  7 rats
93 creatures vanquished.

Notes
Turn   | Place    | Note
-------+----------+-------------------------------------------
     0 | D:1      | novoplayer the Vampire Assassin began the quest for the Orb.
     0 | D:1      | Reached XP level 1. HP: 16/16 MP: 1/1
    61 | D:1      | Reached skill level 6 in Stealth
   126 | D:1      | Reached XP level 2. HP: 22/22 MP: 2/2
   780 | D:1      | Upgraded the game from 0.21-a0-258-g4c0eb85 to 0.21-a0-265-gb353147
   920 | D:2      | Found a glowing silver altar of Zin.
   930 | D:2      | Reached XP level 3. HP: 18/27 MP: 3/3
  1045 | D:2      | Found a deep blue altar of Sif Muna.
  1048 | D:2      | Reached skill level 7 in Stealth
  1063 | D:2      | You fall through a shaft!
  1063 | D:3      | Noticed Ijyb
  1108 | D:3      | Killed Ijyb
  1108 | D:3      | Reached XP level 4. HP: 18/33 MP: 4/4
  1461 | D:3      | Found a sacrificial altar of Ru.
  1505 | D:3      | Reached skill level 8 in Stealth
  1877 | D:3      | Noticed an ogre
  1884 | D:3      | Killed an ogre
  1884 | D:3      | Reached skill level 9 in Stealth
  1884 | D:3      | Reached XP level 5. HP: 38/38 MP: 5/5
  2479 | D:3      | Reached XP level 6. HP: 28/44 MP: 6/6
  2724 | D:4      | Found a shadowy altar of Dithmenos.
  3018 | D:4      | Became a worshipper of Dithmenos the Shadowed
  3086 | D:4      | Reached skill level 10 in Stealth
  3389 | D:4      | Found a white marble altar of Elyvilon.
  3401 | D:5      | Entered Level 5 of the Dungeon
  3450 | D:5      | Noticed an ice beast
  3877 | D:5      | Reached XP level 7. HP: 51/51 MP: 7/7
  3897 | D:5      | Found Qiuxakli's Gadget Emporium.
  4184 | D:5      | Reached skill level 5 in Short Blades
  4207 | D:5      | Reached skill level 11 in Stealth
  4523 | D:5      | Found a staircase to the Ecumenical Temple.
  5299 | D:6      | Found an ornate altar of the Wu Jian Council.
  5330 | D:6      | Mangled by a centaur

Vault maps used:
D:1:      dpeg_arrival_arbitrary_a
D:2:      nicolae_overflow_quartered_altars, first_bread, grunt_gozag_statues
D:3:      nicolae_ru_path_of_blood, serial_park_tiny_pond,
          kennysheep_generic_room_15, uniq_ijyb
D:4:      lemuel_upstairs_altar, old_standard_altar
D:5:      minmay_temple_entry_statues_pillars, serial_shops,
          nicolae_shop_crystal
D:6:      nicolae_overflow_crystal_walls, trog_wizard

Skill      XL: |  1  2  3  4  5  6  7 |
---------------+----------------------+-----
Stealth        | 6 7 9 10 11 | 11.2
Fighting       | 2 3 |  3.1
Short Blades   | 3 4 5 |  5.7
Dodging        | 2 |  2.9
Throwing       | |  1.8

Action                   |  1- 3 |  4- 6 |  7- 9 || total
-------------------------+-------+-------+-------++-------
Melee: Dagger            |    95 |   179 |   126 ||   400
       Bite              |     5 |    30 |    17 ||    52
  Use: Scroll            |     3 |     5 |     2 ||    10
       Potion            |       |     6 |     7 ||    13
 Stab: Sleeping          |     6 |    14 |     4 ||    24
Armor: Robe              |     3 |       |       ||     3
       Leather armour    |    21 |    40 |    30 ||    91
Dodge: Dodged            |    33 |    83 |    58 ||   174

Table legend:
 A = Spawn XP
 B = Non-spawn XP
 C = Spawn XP percentage of total XP
 D = Spawn monster count
 E = Non-spawn monster count
 F = Spawn count percentage of total count
 G = Total turns spent on level
                    A         B        C        D         E        F      G
               +---------+---------+-------+---------+---------+-------+---------
         Total |       0 |    1350 |   0.0 |       0 |      93 |   0.0 |  5330
               +---------+---------+-------+---------+---------+-------+---------
           D:1 |       0 |      32 |   0.0 |       0 |      16 |   0.0 |   840
           D:2 |       0 |      28 |   0.0 |       0 |       8 |   0.0 |   223
           D:3 |       0 |     309 |   0.0 |       0 |      35 |   0.0 |  1639
           D:4 |       0 |     241 |   0.0 |       0 |      13 |   0.0 |  1022
           D:5 |       0 |     608 |   0.0 |       0 |      17 |   0.0 |   923
           D:6 |       0 |     132 |   0.0 |       0 |       4 |   0.0 |   683
               +---------+---------+-------+---------+---------+-------+---------
